 Dungeon Crawl Stone Soup version 0.15-a0-935-g62ff1c1 (webtiles) character file.

9951 Malog the Bludgeoner (level 11, -3/110 HPs)
             Began as an Ogre Chaos Knight on May 21, 2014.
             Was a Plaything of Xom.
             Slain by Pneutoc the monstrous demonspawn (11 damage)
             ... created by the player character
             ... on Level 2 of the Lair of Beasts.
             The game lasted 00:49:05 (9664 turns).

Malog the Bludgeoner (Ogre Chaos Knight)            Turns: 9664, Time: 00:49:05

HP  -3/110       AC  6     Str 21      XL: 11   Next: 54%
MP  11/11        EV 14     Int 11      God: Xom
Gold 239         SH  0     Dex 14      Spells:  0 memorised, 10 levels left

rFire  . . .     SeeInvis .     G - +1,+2 flail (drain)
rCold  . . .     Clarity  +     b - +2 robe
rNeg   . . .     Conserve .     (shield restricted)
rPois  .         rCorr    .     (helmet restricted)
rElec  .         rRot     .     F - +0 cloak
SustAb .         Spirit   .     (gloves unavailable)
rMut   +         Warding  .     (boots unavailable)
Gourm  .         Stasis   .     r - amulet of resist mutation
MR     +....                    (no ring)
                                C - +4 ring of dexterity

@: somewhat resistant to hostile enchantments, unstealthy
A: unfitting armour, blurry vision 2, clarity, frail 1, sense surroundings 1,
slow healing 1, tough skin 1
a: Renounce Religion


You were on level 2 of the Lair of Beasts.
You worshipped Xom.
You were a plaything of Xom.
You were not hungry.

You visited 2 branches of the dungeon, and saw 11 of its levels.

You collected 408 gold pieces.
You spent 169 gold pieces at shops.

Inventory:

Hand weapons
 G - a +1,+2 flail of draining (weapon)
 M - a +0,+0 giant spiked club
Missiles
 l - 6 tomahawks
 u - 7 javelins of returning
 E - 3 javelins (quivered)
 L - 2 large rocks
Armour
 b - a +2 robe (worn)
 F - a +0 cloak (worn)
Magical devices
 m - a wand of lightning (0)
 H - a wand of random effects (8)
 K - a wand of magic darts (12)
Comestibles
 d - 3 chunks of giant frog flesh
 f - 7 bread rations
 o - an apple
 q - a sausage
 v - a choko
 x - 6 meat rations
 A - a rambutan
 B - 12 grapes
 I - a honeycomb
 J - a royal jelly
 O - 2 rotting chunks of shark flesh
Scrolls
 a - 2 scrolls of fog
 c - 3 scrolls of enchant weapon I
 g - 4 scrolls of identify
 k - 2 scrolls of remove curse
 t - a scroll of enchant weapon II
 N - a scroll of teleportation
Jewellery
 r - an amulet of resist mutation (around neck)
 s - a cursed ring of stealth {unknown}
 C - a +4 ring of dexterity (left hand)
 D - a cursed amulet of resist corrosion
Potions
 e - a potion of heal wounds
 h - 3 potions of might
 j - 10 potions of curing
 n - a potion of porridge
 p - a potion of magic
Books
 i - a book of Alchemy

   Spells                             Type                      Level
   Sublimation of Blood               Necromancy                   2
   Alistair's Intoxication            Transmutation/Poison         4
   Condensation Shield                Ice                          4
   Petrify                            Transmutation/Earth          4
   Ignite Poison                      Fire/Transmutation           5
 y - the Almanac of Frigorific Conjuration
   (You found it on level 8 of the Dungeon)

   Spells                             Type                      Level
   Throw Frost                        Conjuration/Ice              2
   Ice Form                           Ice/Transmutation            4
   Freezing Cloud                     Conjuration/Ice/Air          6
   Spellforged Servitor               Conjuration/Summoning        7
Miscellaneous
 P - an ornate deck of defence {drawn: 1}


   Skills:
 * Level 11.6 Fighting
 * Level 15.6 Maces & Flails
 + Level 8.3 Throwing
 * Level 8.2 Dodging


You had 10 spell levels left.
You didn't know any spells.

Dungeon Overview and Level Annotations

Branches:
Dungeon (9/15)             Temple (0/1) D:6            Lair (2/8) D:8
    Orc: D:9-12

Altars:
Dithmenos
Gozag
Kikubaaqudgha
Makhleb
Okawaru
Qazlal
Trog
Vehumet

Shops:
D:8 *

Annotations:
D:6 1 exclusion


Innate Abilities, Weirdness & Mutations

You are too large for most types of armour.
You have tough skin (AC +1).
Your vision is quite blurry.
You possess an exceptional clarity of mind.
You are frail (-10% HP).
You passively map a small area around you.
You heal slowly when monsters are visible.


Message History

Pneutoc is engulfed in roaring flames.
Pneutoc hits you!
* * * LOW HITPOINT WARNING * * *
Pneutoc claws you!
* * * LOW HITPOINT WARNING * * *
Pneutoc completely misses you.
Unknown command.
Unknown command.
Read which item? (? for menu, Esc to quit)
Okay, then.
Read which item? (? for menu, Esc to quit)
Okay, then.
Drink which item? (? for menu, Esc to quit)
Okay, then.
Drink which item? (? for menu, Esc to quit)
You feel much better.
You are engulfed in roaring flames.
* * * LOW HITPOINT WARNING * * *
Pneutoc is engulfed in roaring flames.
Pneutoc hits you.
* * * LOW HITPOINT WARNING * * *
Pneutoc claws you!
You die...

* , ......P * *
....... * ........
.P....... * ,, *
.<........ , , * ,
#.#....... , , , ,
##........% *
###*####..##.....#
#@###.#...........
, ,
##6§...#........#.
*
##§#.P....P.....).
#.§§......P.......
##§§........#...PP
#.#.#...#.#...###
#.....).......%.#
#.......##.#...##
#...$....##.....#


You could see Pneutoc the monstrous demonspawn (inner flame).

Vanquished Creatures
  The ghost of Zuul the Reanimator, an experienced DsNe of Ashenzari (D:9)
  The ghost of TZer0alt the Insei, an experienced GrTm (D:6)
  A two-headed ogre (D:9)
  A polar bear (Lair:1)
  2 basilisks
  Eustachio (D:4)
  A golden eye (D:6)
  6 ugly things (D:8)
  3 wolves (Lair:1)
  A hungry ghost (D:9)
  2 water moccasins
  Menkaure (D:6)
  3 yaks (Lair:1)
  3 black bears
  2 hippogriffs (Lair:1)
  The ghost of newbht the Cudgeler, an average MiBe of Trog (D:3)
  2 ogres
  2 phantoms
  A shark (Lair:1)
  5 centaurs
  An ice beast (D:9)
  Duvessa (D:9)
  A wyvern zombie (D:8)
  2 crocodiles (Lair:1)
  2 big kobolds
  9 giant frogs
  4 scorpions
  2 giant slugs
  2 giant frog zombies
  2 crimson imps (D:5)
  Dowan (D:9)
  3 iguanas
  Crazy Yiuf (D:7)
  A giant frog skeleton (D:9)
  7 hounds
  7 orc priests
  10 orc wizards
  Natasha (twice) (D:3)
  A black bear skeleton (D:6)
  6 worker ants
  Ijyb (D:2)
  Jessica (D:3)
  3 orc warriors
  An ogre skeleton (D:4)
  A hound zombie (D:9)
  A hound skeleton (D:7)
  11 adders
  A gnoll (D:3)
  A shadow imp (D:8)
  4 giant mites
  A white imp (D:4)
  2 worms
  An ufetubus (D:4)
  7 giant geckos
  30 orcs
  9 bats
  6 giant cockroaches
  13 goblins
  13 hobgoblins
  4 jackals
  2 jackals (shapeshifter) (D:6)
  25 kobolds
  8 quokkas
  4 giant newts
  A giant spore (D:9)
  A kobold skeleton (D:8)
  A kobold zombie (D:5)
  2 orc zombies (D:7)
  16 rats
  2 ballistomycetes (D:9)
  A fungus (D:7)
279 creatures vanquished.

Vanquished Creatures (collateral kills)
  A wolf (Lair:1)
  An orc (D:5)
2 creatures vanquished.

Grand Total: 281 creatures vanquished

Notes
Turn   | Place    | Note
--------------------------------------------------------------
     0 | D:1      | Malog, the Ogre Chaos Knight, began the quest for the Orb.
     0 | D:1      | Reached XP level 1. HP: 24/24 MP: 1/1
   171 | D:1      | Reached XP level 2. HP: 29/32 MP: 2/2
   378 | D:1      | XOM: silly message
   453 | D:1      | XOM: harmless Necr miscast
   619 | D:1      | XOM: harmless Hex miscast
   622 | D:1      | Reached XP level 3. HP: 35/40 MP: 3/3
   625 | D:1      | Reached skill level 5 in Maces & Flails
   661 | D:1      | XOM: harmless Pois miscast
   896 | D:2      | Noticed Ijyb
   897 | D:2      | XOM: mild Summ miscast
   898 | D:2      | Noticed a spatial vortex
   977 | D:2      | Killed Ijyb
   977 | D:2      | Reached XP level 4. HP: 45/49 MP: 4/4
  1393 | D:2      | Reached skill level 6 in Maces & Flails
  1500 | D:3      | Noticed newbht's ghost (average MiBe)
  1512 | D:3      | XOM: colour smoke trail
  1570 | D:3      | XOM: mild Trmt miscast
  1574 | D:2      | XOM: severe Trmt miscast
  1586 | D:2      | Gained mutation: You are weak. (Str -2) [mutagenic glow]
  1637 | D:2      | Gained mutation: You heal slowly when monsters are visible. [mutagenic glow]
  1689 | D:2      | Gained mutation: Your vision is a little blurry. [mutagenic glow]
  1736 | D:2      | Gained mutation: Your vision is quite blurry. [mutagenic glow]
  1784 | D:2      | Gained mutation: You are clumsy. (Dex -2) [mutagenic glow]
  1822 | D:2      | Lost mutation: Your vision is quite blurry. [mutagenic glow]
  1873 | D:3      | XOM: vitrification
  1963 | D:3      | XOM: potion effect (berserk rage)
  1972 | D:3      | Killed newbht's ghost
  1972 | D:3      | Reached skill level 5 in Fighting
  1972 | D:3      | Reached XP level 5. HP: 57/57 MP: 5/5
  2074 | D:3      | Noticed Jessica
  2074 | D:3      | XOM: cast spell 'Beastly Appendage'
  2080 | D:3      | XOM: swap monsters
  2086 | D:3      | Killed Jessica
  2086 | D:3      | Reached XP level 6. HP: 41/66 MP: 6/6
  2214 | D:3      | Reached skill level 7 in Maces & Flails
  2440 | D:3      | Noticed Natasha
  2443 | D:3      | Killed Natasha
  2536 | D:3      | Noticed Natasha
  2545 | D:3      | Noticed Natasha
  2545 | D:3      | Natasha changed into Natasha the gnoll
  2547 | D:3      | Killed Natasha the gnoll
  2781 | D:3      | Noticed Natasha
  2786 | D:3      | Killed Natasha
  2916 | D:3      | XOM: colour smoke trail
  2934 | D:4      | Reached XP level 7. HP: 45/74 MP: 7/7
  2978 | D:4      | Reached skill level 8 in Maces & Flails
  3046 | D:4      | Noticed Eustachio
  3073 | D:4      | XOM: enchant monster (bad)
  3083 | D:4      | XOM: divination: detect creatures
  3084 | D:4      | Killed Eustachio
  3086 | D:4      | XOM: harmless Summ miscast
  3144 | D:4      | XOM: colour smoke trail
  3189 | D:4      | XOM: harmless Ice miscast
  3265 | D:4      | Reached skill level 9 in Maces & Flails
  3511 | D:4      | XOM: colour smoke trail
  3569 | D:4      | Found an iron altar of Okawaru.
  3569 | D:4      | Found a bloodstained altar of Trog.
  3634 | D:4      | Found an ancient bone altar of Kikubaaqudgha.
  3708 | D:4      | XOM: harmless Erth miscast
  3836 | D:5      | Entered Level 5 of the Dungeon
  3846 | D:5      | Reached XP level 8. HP: 65/84 MP: 8/8
  4040 | D:5      | XOM: confusion (+ monsters)
  4085 | D:5      | Reached skill level 1 in Throwing
  4116 | D:5      | XOM: 5-stop teleportation journey
  4149 | D:5      | XOM: enchant monster (good)
  4249 | D:5      | XOM: chaos upgrade
  4251 | D:5      | Reached skill level 10 in Maces & Flails
  4261 | D:5      | XOM: medium Pois miscast
  4311 | D:5      | XOM: divination: detect items
  4647 | D:5      | XOM: noise
  4744 | D:5      | XOM: harmless Chrm miscast
  4758 | D:6      | Noticed TZer0alt's ghost (experienced GrTm)
  4763 | D:5      | XOM: mild Tloc miscast
  4795 | D:6      | XOM: polymorph orc -> jackal
  4814 | D:6      | XOM: silly message
  4831 | D:6      | Killed TZer0alt's ghost
  4831 | D:6      | Reached skill level 5 in Dodging
  4850 | D:6      | XOM: colour smoke trail
  4889 | D:6      | XOM: harmless Fire miscast
  4898 | D:6      | Reached XP level 9. HP: 81/96 MP: 9/9
  4902 | D:6      | Reached skill level 11 in Maces & Flails
  4965 | D:6      | Noticed Menkaure
  4980 | D:6      | XOM: harmless Pois miscast
  4989 | D:6      | XOM: potion effect (haste)
  5027 | D:6      | XOM: potion effect (experience)
  5027 | D:6      | Reached skill level 10 in Fighting
  5027 | D:6      | Reached skill level 14 in Maces & Flails
  5027 | D:6      | Reached XP level 10. HP: 104/111 MP: 10/10
  5039 | D:6      | XOM: harmless Conj miscast
  5069 | D:6      | Killed Menkaure
  5191 | D:6      | Paralysed by a potion of paralysis for 5 turns
  5214 | D:6      | XOM: divination: detect creatures
  5258 | D:6      | Found a staircase to the Ecumenical Temple.
  5341 | D:6      | XOM: divination: detect creatures
  5355 | D:7      | XOM: stealth player
  5640 | D:7      | Noticed Crazy Yiuf
  5642 | D:7      | Killed Crazy Yiuf
  6139 | D:7      | XOM: harmless Hex miscast
  6445 | D:8      | XOM: divination: detect creatures
  6449 | D:8      | Found a staircase to the Lair.
  6601 | D:8      | Identified the Almanac of Frigorific Conjuration
  7057 | D:8      | Lost mutation: You are weak. (Str -2) [mutagenic meat]
  7058 | D:8      | Lost mutation: You are clumsy. (Dex -2) [mutagenic meat]
  7081 | D:8      | Gained mutation: You are frail (-10% HP). [mutagenic meat]
  7170 | D:8      | Found a radiant altar of Vehumet.
  7172 | D:8      | Found a burning altar of Makhleb.
  7175 | D:8      | Found a shadowy altar of Dithmenos.
  7233 | D:8      | Found a stormy altar of Qazlal.
  7244 | D:8      | Found Kleerghef's Assorted Antiques.
  7251 | D:8      | Bought a lumpy inky potion for 20 gold pieces
  7283 | D:8      | Bought a scroll of magic mapping for 80 gold pieces
  7283 | D:8      | Bought a scroll of teleportation for 69 gold pieces
  7412 | D:9      | XOM: stealth player
  7463 | D:9      | Noticed Zuul's ghost (experienced DsNe)
  7477 | D:9      | Killed Zuul's ghost
  7477 | D:9      | Reached skill level 15 in Maces & Flails
  7477 | D:9      | Reached XP level 11. HP: 69/108 MP: 11/11
  7571 | D:9      | XOM: cast spell 'Metabolic Englaciation'
  7588 | D:9      | Noticed Duvessa
  7588 | D:9      | Noticed Dowan
  7593 | D:9      | Killed Duvessa
  7605 | D:9      | Killed Dowan
  7765 | D:9      | XOM: give mutation
  7765 | D:9      | Gained mutation: Your vision is quite blurry. [Xom's mischief]
  7793 | D:9      | XOM: vitrification
  8191 | D:9      | XOM: enchant monster (good)
  8195 | D:9      | Found an opulent altar of Gozag.
  8230 | D:9      | XOM: god gift: 51 gold pieces
  8436 | Lair:1   | Entered Level 1 of the Lair of Beasts
  8496 | Lair:1   | XOM: 7-stop teleportation journey
  8508 | Lair:1   | HP: 2/108 [basilisk (4)]
  8514 | Lair:1   | HP: 3/108 [basilisk (15)]
  8520 | Lair:1   | HP: 5/108 [hippogriff (6)]
  8520 | Lair:1   | HP: 2/108 [hippogriff (3)]
  8777 | Lair:1   | XOM: 5-stop teleportation journey
  8853 | Lair:1   | XOM: destruction
  8855 | Lair:1   | XOM: summons 7 friendly demons
  9220 | Lair:1   | XOM: 10-stop teleportation journey
  9342 | Lair:1   | XOM: summons 2 friendly demons
  9399 | Lair:1   | XOM: give mutations
  9399 | Lair:1   | Gained mutation: You passively map a small area around you. [Xom's mischief]
  9399 | Lair:1   | Gained mutation: You possess an exceptional clarity of mind. [Xom's mischief]
  9425 | Lair:1   | XOM: noise
  9634 | Lair:2   | Noticed Pneutoc
  9663 | Lair:2   | HP: 1/110 [Pneutoc the monstrous demonspawn[the player character] (11)]
  9664 | Lair:2   | Slain by Pneutoc the monstrous demonspawn

Action                   |  1- 3 |  4- 6 |  7- 9 | 10-12 || total
-------------------------+-------+-------+-------+-------++-------
Melee: Mace              |    75 |   115 |   183 |    44 ||   417
       Flail             |       |       |       |   339 ||   339
       Giant spiked club |       |       |       |    23 ||    23
Throw: Javelin           |     9 |    15 |    27 |    22 ||    73
       Large rock        |       |    20 |    15 |    23 ||    58
       Tomahawk          |       |       |     7 |    13 ||    20
Evoke: Wand              |       |       |       |     7 ||     7
       Deck              |       |       |       |     1 ||     1
  Use: Potion            |       |     7 |     2 |     7 ||    16
       Scroll            |       |       |    12 |     9 ||    21
 Stab: Paralysed         |     1 |       |     1 |     4 ||     6
